 Dungeon Sprint DCSS version 0.21-a0-88-g13b9641 (webtiles) character file.

93 Kidiri the Insei (level 4, -2/37 HPs)
             Began as a Demonspawn Transmuter on June 27, 2017.
             Was a Follower of Wu Jian.
             Slain by a naga
             ... wielding a +0 mace
              (17 damage)
             ... in the Dungeon (Sprint V: "Ziggurat Sprint").
             The game lasted 00:04:16 (462 turns).

Kidiri the Insei (Demonspawn Transmuter)             Turns: 462, Time: 00:04:17

Health: -2/37      AC:  2    Str: 10    XL:     4   Next: 37%
Magic:  6/9        EV: 23    Int: 20    God:    Wu Jian [*.....]
Gold:   0          SH:  0    Dex: 26    Spells: 0/10 levels left

rFire    . . .     SeeInvis .     - Unarmed
rCold    . . .     Gourm    .   (shield currently unavailable)
rNeg     . . .     Faith    .   (armour currently unavailable)
rPois    x         Spirit   .   (helmet currently unavailable)
rElec    .         Reflect  .   (cloak currently unavailable)
rCorr    .         Harm     .   (gloves currently unavailable)
MR       .....     NoTele   +   (boots currently unavailable)
Stlth    +++.......             (no amulet)
HPRegen  0.12/turn              y - +6 ring of dexterity
MPRegen  0.11/turn              A - +6 ring of intelligence

@: spider-form (expiring), very slightly contaminated
A: no striking features
a: End Transformation, Renounce Religion


You were in the Dungeon.
You worshipped Wu Jian.
Wu Jian was aware of your devotion.
You were not hungry.
You were a venomous arachnid creature.
You visited 1 branch

Inventory:

Missiles
 a - 1012 arrows
Armour
 b - a +0 robe (melded)
 I - +5 gold dragon scales
Jewellery
 y - a +6 ring of dexterity (left front leg)
 z - a +6 ring of dexterity
 A - a +6 ring of intelligence (right front leg)
 B - a +6 ring of intelligence
 C - a +6 ring of strength
 D - a +6 ring of strength
Wands
 E - a wand of disintegration (7/24)
 F - a wand of iceblast (5/15)
 G - a wand of lightning (5/15)
 H - a wand of acid (5/15)
Scrolls
 j - 4 scrolls of blinking
 q - 4 scrolls of amnesia
 r - 3 scrolls of recharging
 s - 7 scrolls of fog
 t - 5 scrolls of identify
 u - 5 scrolls of remove curse
 v - 2 scrolls of fear
Potions
 e - 9 potions of curing
 f - 9 potions of heal wounds
 g - 6 potions of haste
 h - 6 potions of magic
 i - 2 potions of berserk rage
 k - 2 potions of brilliance
 l - 2 potions of invisibility
 m - 4 potions of resistance
 o - 5 potions of agility
 p - 5 potions of might
Books
 c - a book of Changes

   Spells                             Type                      Level
   a - Beastly Appendage              Transmutation                1
   b - Sticks to Snakes               Transmutation                2
   c - Spider Form                    Transmutation/Poison         3
   d - Ice Form                       Ice/Transmutation            4
   e - Blade Hands                    Transmutation                5
 J - the Volume of Venomous Malediction
   (You found it in the Dungeon)

   Spells                             Type                      Level
   a - Slow                           Hexes                        2
   b - Ensorcelled Hibernation        Hexes/Ice                    2
   c - Inner Flame                    Hexes/Fire                   3
   d - Leda's Liquefaction            Hexes/Earth                  4
   e - Olgreb's Toxic Radiance        Poison                       4
   f - Silence                        Hexes/Air                    5
Comestibles
 d - 5 bread rations
 w - 42 fruits
 x - 4 meat rations


   Skills:
 * Level 3.9 Fighting
 * Level 3.1 Armour
 * Level 3.9 Dodging
 + Level 2.2 Stealth
 * Level 4.4 Unarmed Combat
 * Level 3.8 Spellcasting
 * Level 3.8 Transmutations
 + Level 0.0 Ice Magic
 + Level 0.2 Poison Magic
 + Level 2.2 Evocations


You couldn't memorise any spells.
You knew the following spells:

 Your Spells              Type           Power        Failure   Level  Hunger
a - Beastly Appendage     Tmut           ###...       10%         1    None
b - Sticks to Snakes      Tmut           ###.....     13%         2    ##.....
c - Spider Form           Tmut/Pois      ##........   36%         3    ###....
d - Ice Form              Ice/Tmut       ##......     73%         4    ####...


Dungeon Overview and Level Annotations

Branches:
Dungeon (1/1)

Altars:
Ashenzari
Cheibriados
Dithmenos
Elyvilon
Fedhas
Gozag
Hepliaklqana
Kikubaaqudgha
Makhleb
Nemelex Xobeh
Okawaru
Qazlal
Ru
Sif Muna
Trog
Uskayaw
Vehumet
Wu Jian
Xom
Yredelemnul
Zin
The Shining One
Beogh
Jiyva
Lugonu

Annotations:
D 1 transporter


Innate Abilities, Weirdness & Mutations

((When seriously injured, your bleeding wounds create thick armour. (AC +0)))


Message History

Casting: Spider Form
Confirm with . or Enter, or press ? or * to list all spells.
Your talons disappear.
You turn into a venomous arachnid creature.
Your +0 robe melds into your body.
Your blood armour dries and flakes away.
The adder misses you. The naga misses you. The naga completely misses you.
You hit the naga.
The naga looks even sicker.
The naga is heavily wounded.
The adder completely misses you. The naga completely misses you.
The naga closely misses you. The adder completely misses you.
Unknown command.
You hit the naga.
The naga looks as sick as possible!
The naga is severely wounded.
Your transformation is almost over.
The adder bites you.
You barely miss the naga.
The naga is severely wounded.
The naga hits you with a mace!
You die...

▓▓▓▓▓▓▓▓▓▓▓▓▓
▓.8©8.▓.8©8.▓
▓.=:}.▓.....▓
▓.....▓...=.▓
▓.....▓.....▓
▓...SN▓.....▓
▓....s▓.....▓
▓.....▓▓▓▓▓▓▓
▓▓▓▓▓▓▓


You could see a naga and an adder.

Vanquished Creatures
  A wolf (D)
  A jackal (D)
  A ball python (D)
3 creatures vanquished.

Notes
Turn   | Place    | Note
-------+----------+-------------------------------------------
     0 | D        | Kidiri the Demonspawn Transmuter began the quest for the Orb.
     0 | D        | Reached XP level 1. HP: 15/15 MP: 3/3
     0 | D        | Found a deep blue altar of Sif Muna.
     0 | D        | Found a sacrificial altar of Ru.
     0 | D        | Found a bloodstained altar of Trog.
     0 | D        | Found a stormy altar of Qazlal.
     0 | D        | Found an iron altar of Okawaru.
     0 | D        | Found a sparkling altar of Nemelex Xobeh.
     0 | D        | Found a blossoming altar of Fedhas.
     2 | D        | Found a transporter.
     2 | D        | Found an ancient bone altar of Kikubaaqudgha.
     2 | D        | Found a viscous altar of Jiyva.
     2 | D        | Found a corrupted altar of Lugonu.
     2 | D        | Found a hazy altar of Hepliaklqana.
     2 | D        | Found a burning altar of Makhleb.
     2 | D        | Found an opulent altar of Gozag.
    49 | D        | Became a worshipper of the Wu Jian Council
    60 | D        | Reached skill level 1 in Stealth
    60 | D        | Reached skill level 3 in Unarmed Combat
    60 | D        | Reached skill level 1 in Evocations
    60 | D        | Gained mutation: When seriously injured, your bleeding wounds create armour. (AC +0) [demonic ancestry]
    60 | D        | Reached XP level 2. HP: 23/23 MP: 4/6
    64 | D        | Learned a level 2 spell: Sticks to Snakes
    91 | D        | Entered arena 2.
    91 | D        | Noticed a wolf
    91 | D        | Found a transporter.
   103 | D        | Killed a wolf
   103 | D        | Reached skill level 4 in Unarmed Combat
   103 | D        | Gained mutation: When seriously injured, your bleeding wounds create thick armour. (AC +0) [demonic ancestry]
   103 | D        | Reached XP level 3. HP: 5/30 MP: 8/8
   103 | D        | Reached XP level 4. HP: 6/37 MP: 9/9
   117 | D        | Identified the Volume of Venomous Malediction (You found it in the Dungeon)
   117 | D        | Identified the Volume of Venomous Malediction (You found it in the Dungeon)
   369 | D        | Learned a level 3 spell: Spider Form
   377 | D        | Learned a level 4 spell: Ice Form
   439 | D        | Entered arena 3.
   439 | D        | Noticed a naga
   439 | D        | Found a transporter.
   445 | D        | Reached * piety under Wu Jian
   462 | D        | Slain by a naga

Vault maps used:
D:        sprint_v

Skill      XL: |  1  2 |
---------------+-------+-----
Fighting       | 2 3 |  3.9
Armour         | 2 3 |  3.1
Dodging        | 3 |  3.9
Stealth        | 1 2 |  2.2
Unarmed Combat | 3 4 |  4.4
Spellcasting   | 3 |  3.8
Transmutations | 3 |  3.8
Evocations     | 1 2 |  2.2
Poison Magic   | |  0.2

Action                   |  1- 3 |  4- 6 || total
-------------------------+-------+-------++-------
Melee: Unarmed           |    10 |    17 ||    27
       Kick              |     1 |     2 ||     3
 Cast: Beastly Appendage |     1 |     1 ||     2
       Spider Form       |       |     2 ||     2
  Use: Potion            |     3 |     2 ||     5
Armor: Robe              |     5 |     1 ||     6
       Skin              |       |     2 ||     2
Dodge: Dodged            |    12 |    47 ||    59
